 Dungeon Sprint DCSS version 0.17-b1-15-g0f5fb43 (webtiles) character file.

0 hexophile the Skirmisher (level 1, -3/18 HPs)
             Began as a Demonspawn Fighter on Nov 3, 2015.
             Slain by a phantom (7 damage)
             ... in the Dungeon (Sprint VI: "Thunderdome").
             The game lasted 00:01:58 (76 turns).

hexophile the Skirmisher (Demonspawn Fighter)         Turns: 76, Time: 00:01:59

Health: -3/18      AC:  6    Str: 30    XL:     1   Next: 16%
Magic:  1/1        EV:  7    Int:  9    God:
Gold:   20         SH: 10    Dex: 15    Spells: 0 memorised, 0 levels left

rFire  . . .     SeeInvis .     a - +0 war axe
rCold  . . .     Clarity  .     b - +0 scale mail
rNeg   + . .     SustAt   .     c - +0 shield
rPois  +         Gourm    .     (no helmet)
rElec  +         Spirit   .     (no cloak)
rCorr  .         Warding  .     (no gloves)
rMut   .         NoTele   +     (no boots)
MR     +....                    r - amulet of the Leaf {+Rage rElec Str+8 Slay-3}
Stlth  ..........               q - ring "Ruetaesi" {*Drain rElec rPois MR+}
                                p - ring "Oliamp" {rN+ Str+6 Dex+3 Slay+3}

@: somewhat resistant to hostile enchantments, extremely unstealthy
A: no striking features
a: Evoke Berserk Rage


You were in the Dungeon.
You were not hungry.

You visited 1 branch You collected 200 gold pieces.
You spent 180 gold pieces at shops.

Inventory:

Hand Weapons
 a - a +0 war axe (weapon)
Armour
 b - a +0 scale mail (worn)
 c - a +0 shield (worn)
Jewellery
 p - the ring "Oliamp" (left hand) {rN+ Str+6 Dex+3 Slay+3}
   (You bought it in a shop in the Dungeon)

   [ring of slaying]

   It affects your strength (+6).
   It affects your dexterity (+3).
   It affects your accuracy and damage with ranged weapons and melee attacks
   (+3).
   It protects you from negative energy.
 q - the ring "Ruetaesi" (right hand) {*Drain rElec rPois MR+}
   (You bought it in a shop in the Dungeon)

   [ring of poison resistance]

   It insulates you from electricity.
   It protects you from poison.
   It affects your resistance to hostile enchantments.
   It causes draining when unequipped.
 r - the amulet of the Leaf (around neck) {+Rage rElec Str+8 Slay-3}
   (You bought it in a shop in the Dungeon)

   [amulet of rage]

   It affects your strength (+8).
   It affects your accuracy and damage with ranged weapons and melee attacks
   (-3).
   It insulates you from electricity.
   It lets you go berserk.
Wands
 m - a wand of cold (5)
 n - a wand of fire (3)
Scrolls
 k - 4 scrolls of blinking
 o - 3 scrolls of fog
Potions
 d - a potion of might
 f - a potion of curing
 g - 4 potions of heal wounds
 h - 4 potions of haste
 i - 2 potions of magic
 j - a potion of berserk rage
 l - a potion of resistance
Comestibles
 e - a bread ration


   Skills:
 - Level 3.3 Fighting
 * Level 1.8 Axes
 - Level 2.8 Armour
 - Level 2.9 Shields


You couldn't memorise any spells.
You didn't know any spells.

Dungeon Overview and Level Annotations

Branches:
Dungeon (1/1)

Altars:
Cheibriados
Dithmenos
Gozag
Kikubaaqudgha
Okawaru
Qazlal
Ru
Sif Muna
Trog
Xom
The Shining One

Shops:
D *[%???:(


Message History

A giant cockroach zombie comes into view.
Evoke which item? (* to show all) (? for menu, Esc to quit)
Zapping:
n - a wand of fire (5)
Press: ? - help, Shift-Dir - straight line, f - phantom
Aim: a phantom (lightly damaged)
The bolt of fire misses the phantom.
This wand has 4 charges left.
Evoke which item? (* to show all) (? for menu, Esc to quit)
Zapping:
n - a wand of fire (4)
Press: ? - help, Shift-Dir - straight line, f/p - phantom
Aim: a phantom (lightly damaged)
The bolt of fire misses the phantom.
This wand has 3 charges left.
You block the giant cockroach zombie's attack.
You slash the phantom!
The phantom is moderately damaged.
You hit the giant cockroach zombie.
You block the giant cockroach zombie's attack.
The phantom barely misses you.
You block the giant cockroach zombie's attack.
The phantom hits you!
You die...

##⌠⌠⌠## #.....# ##.....##
##∩.....∩## #∩.......∩#
#_......._# #........_#
#Z........#
###@........###
#⌠W.......z..⌠#
######.8.........8.###
##∩__.......###......_.
###∩........8.# #.8......
##.............###........
#⌠..........###...###.....
#⌠..........# #.<.# .....
#⌠..........###...# .....


You could see a phantom, a wight (wandering) and a giant cockroach zombie.

Vanquished Creatures
  A bat zombie (D)
1 creature vanquished.

Notes
Turn   | Place    | Note
--------------------------------------------------------------
     0 | D        | hexophile the Demonspawn Fighter began the quest for the Orb.
     0 | D        | Reached XP level 1. HP: 18/18 MP: 1/1
     3 | D        | Found a snail-covered altar of Cheibriados.
     4 | D        | Found an ancient bone altar of Kikubaaqudgha.
     5 | D        | Found a shimmering altar of Xom.
     5 | D        | Found a shadowy altar of Dithmenos.
     5 | D        | Round 1.
     6 | D        | Found a deep blue altar of Sif Muna.
     6 | D        | Found Niexiu's Staff Store.
     6 | D        | Found Vaobb's Magic Scroll Shop.
     7 | D        | Found Otont's Must-Have Magic.
     7 | D        | Found Suuwett's Magic Scroll Shop.
     9 | D        | Noticed a phantom
    34 | D        | Found an opulent altar of Gozag.
    34 | D        | Found an iron altar of Okawaru.
    34 | D        | Found Togialon's Bee Food.
    34 | D        | Found Itruecua's Jewellery.
    35 | D        | Found Ipsey's Advanced Armour.
    40 | D        | Found Tewup's Identification Station.
    40 | D        | Found a bloodstained altar of Trog.
    40 | D        | Found a stormy altar of Qazlal.
    40 | D        | Found a glowing golden altar of the Shining One.
    41 | D        | Bought a heavily runed iron ring for 45 gold pieces
    41 | D        | Bought a brightly glowing lapis lazuli ring for 45 gold pieces
    41 | D        | Bought a fine amethyst amulet for 45 gold pieces
    41 | D        | Identified the ring "Oliamp" {rN+ Str+6 Dex+3 Slay+3} (You bought it in a shop in the Dungeon)
    42 | D        | Identified the ring "Ruetaesi" {*Drain rElec rPois MR+} (You bought it in a shop in the Dungeon)
    43 | D        | Identified the amulet "Aviurroz" {Inacc rElec Str-4 Dex+8} (You bought it in a shop in the Dungeon)
    46 | D        | Bought a translucent steel amulet for 45 gold pieces
    46 | D        | Identified the amulet of the Leaf {+Rage rElec Str+8 Slay-3} (You bought it in a shop in the Dungeon)
    61 | D        | Found a sacrificial altar of Ru.
    76 | D        | Slain by a phantom

Action                   || total
-------------------------++-------
Melee: War axe           ||    12
Evoke: Wand              ||     2
